 Dungeon Crawl Stone Soup version 0.25-a0-589-g1e14c549ee (webtiles) character file.

Game seed: 12184491625869066616, levelgen mode: deterministic

787 Kohma the Stinger (level 7, -1/76 HPs)
             Began as a Demonspawn Venom Mage on Mar 11, 2020.
             Was a Follower of Makhleb.
             Slain by an iguana (4 damage)
             ... on level 5 of the Dungeon.
             The game lasted 00:18:34 (6685 turns).

Kohma the Stinger (Demonspawn Venom Mage)           Turns: 6685, Time: 00:18:35

Health: -1/76      AC: 23    Str: 10    XL:     7   Next: 56%
Magic:  2/11       EV:  2    Int: 17    God:    Makhleb [*.....]
Gold:   151        SH:  0    Dex: 15    Spells: 3/12 levels left

rFire    . . .     SeeInvis .   q - +1 short sword (vamp)
rCold    . . .     Gourm    .   (no shield)
rNeg     + + +     Faith    .   (armour currently unavailable)
rPois    +         Spirit   .   (helmet currently unavailable)
rElec    .         Reflect  .   (cloak currently unavailable)
rCorr    .         Harm     .   (gloves currently unavailable)
MR       .....     NoTele   +   (boots currently unavailable)
Stlth    +++.......             (no amulet)
HPRegen  0.22/turn              n - ring of stealth
MPRegen  0.12/turn              (no ring)

@: tree-form
A: thin skeletal structure 1, flame cloud immunity
a: Renounce Religion


You were on level 5 of the Dungeon.
You worshipped Makhleb.
Makhleb was aware of your devotion.
You were hungry.
You were a tree.
You visited 1 branch of the dungeon, and saw 5 of its levels.

You collected 151 gold pieces.

Inventory:

Hand Weapons
 q - a +1 vampiric short sword (weapon)
Missiles
 b - 42 poisoned darts (quivered)
 h - 64 bolts
Armour
 i - a +0 cloak (melded)
 s - a +1 helmet (melded)
 t - a +2 leather armour of poison resistance (melded)
Jewellery
 d - an uncursed ring of fire
 n - a ring of stealth (left branch)
Wands
 a - a wand of clouds (8)
 l - a wand of random effects (14)
Scrolls
 e - 4 scrolls of identify
 f - a scroll of remove curse
 k - a scroll of teleportation
 o - 2 scrolls of fog
Potions
 j - a potion of mutation
 m - a potion of flight
 p - 2 potions of stabbing
 r - a potion of cancellation
Comestibles
 c - 5 rations


   Skills:
 + Level 2.6 Fighting
 + Level 2.2 Short Blades
 - Level 1.7 Dodging
 - Level 1.7 Stealth
 - Level 3.0 Spellcasting
 - Level 2.1 Conjurations
 + Level 0.8 Hexes
 - Level 0.8 Transmutations
 - Level 4.0 Air Magic
 - Level 5.0 Poison Magic
 * Level 1.8 Invocations


You had 3 spell levels left.
You knew the following spells:

 Your Spells              Type           Power        Failure   Level  Hunger
a - Sting                 Tmut/Pois      ##..         5%          1    None
b - Poisonous Vapours     Pois/Air       ###...       4%          2    ##.....
c - Mephitic Cloud        Conj/Pois/Air  ###.....     11%         3    ###....
d - Confusing Touch       Hex            #.......     36%         3    ###....

Your spell library contained the following spells:

 Spells                   Type           Power        Failure   Level  Hunger
 Ignite Poison            Fire/Tmut/Pois #.......     24%         3    ###....
 Gell's Gravitas          Tloc           #.........   45%         3    ###....
 Olgreb's Toxic Radiance  Pois           ###.....     22%         4    ####...
 Petrify                  Tmut/Erth      #.......     82%         4    ####...
 Yara's Violent Unravell  Hex/Tmut       #.........   98%         5    ######.
 Metabolic Englaciation   Hex/Ice        #.........   99%         5    ######.


Dungeon Overview and Level Annotations

Branches:
Dungeon (5/15)
 Temple: D:4-7

Altars:
Ashenzari
Makhleb
Okawaru
Ru
Trog
Uskayaw
Wu Jian

Shops:
D:4 [   D:5 =

Annotations:
D:3 2 transporters, Gargoyl's ghost, amateur CeAK


Innate Abilities, Weirdness & Mutations

You have a somewhat thin skeletal structure. (Dex +2, Stealth)
((Your flesh is heat resistant. (rF+)))
You are immune to clouds of flame.


Message History

The orc wizard hits you but does no damage.
The iguana bites you!
* * * LOW HITPOINT WARNING * * *
It was a potion of lignification.
You turn into a tree.
Your +0 cloak melds into your body.
Your +1 helmet melds into your body.
Your +2 leather armour of poison resistance melds into your body.
You no longer feel resistant to poison.
Your roots penetrate the ground.
The orc wizard hits you but does no damage.
The iguana bites you but does no damage.
You hit the orc wizard.
The orc wizard is almost dead.
The orc wizard casts a spell at you.
The magic dart hits you but does no damage.
The iguana completely misses you.
The leopard gecko hisses menacingly.
You hit the orc wizard but do no damage.
The orc wizard is almost dead.
The orc wizard mumbles some strange words.
The orc wizard blinks!
The iguana bites you.
You die...

### #..
###################### #.#
.....o)......oll♣§...###.#
####.)##############.o##.#
##.# #.......##.# #o#
#.#####..#.########


oo# #..#......... ∩l# #...######### .lo# #.#.## #. .#.. ####.#..#######. .....
................ You could see an iguana, an orc wizard, an orc and a leopard
gecko.

Vanquished Creatures
  A sky beast (D:4)
  An ogre (D:4)
  A crimson imp (D:5)
  2 orc priests (D:4)
  Ijyb (D:5)
  2 iguanas (D:4)
  6 orc wizards
  3 worker ants
  A hound skeleton (D:5)
  Robin (D:3)
  3 adders
  2 oozes
  An adder skeleton (D:4)
  3 worms (D:4)
  2 dart slugs
  2 leopard geckos (D:3)
  16 orcs
  A ball python (D:1)
  6 bats
  5 giant cockroaches
  11 goblins
  12 hobgoblins
  18 jackals
  7 kobolds
  3 quokkas
  11 frilled lizards
  8 rats
130 creatures vanquished.

Notes
Turn   | Place    | Note
-------+----------+-------------------------------------------
     0 | D:1      | Kohma the Demonspawn Venom Mage began the quest for the
                  | Orb.
     0 | D:1      | Reached XP level 1. HP: 13/13 MP: 3/3
   208 | D:1      | Gained mutation: Your flesh is heat resistant. (rF+)
                  | [demonic ancestry]
   208 | D:1      | Reached XP level 2. HP: 19/19 MP: 1/5
   336 | D:1      | Learned a level 2 spell: Poisonous Vapours
   896 | D:1      | Reached XP level 3. HP: 23/24 MP: 6/6
  1408 | D:2      | Reached skill level 1 in Air Magic
  1641 | D:2      | Reached skill level 4 in Poison Magic
  2159 | D:2      | Reached XP level 4. HP: 30/30 MP: 4/7
  2424 | D:2      | Found an ornate altar of the Wu Jian Council.
  2431 | D:2      | Found a bloodstained altar of Trog.
  2431 | D:2      | Found an iron altar of Okawaru.
  2433 | D:2      | Found a shattered altar of Ashenzari.
  2435 | D:2      | Found a sacrificial altar of Ru.
  2439 | D:2      | Found a hide-covered altar of Uskayaw.
  2956 | D:3      | Found a transporter.
  2961 | D:3      | Found a transporter.
  2961 | D:3      | Noticed Gargoyl's ghost (amateur CeAK)
  2971 | D:3      | Noticed a steam dragon
  3033 | D:3      | Noticed Robin
  3041 | D:3      | Killed Robin
  3091 | D:2      | HP: 1/30 [goblin/stone[Robin] (3)]
  3883 | D:3      | Gained mutation: You have a somewhat thin skeletal
                  | structure. (Dex +2, Stealth) [demonic ancestry]
  3883 | D:3      | Reached XP level 5. HP: 25/35 MP: 4/9
  4330 | D:4      | Learned a level 3 spell: Mephitic Cloud
  4379 | D:4      | HP: 1/35 [orc priest/divine providence (13)]
  4383 | D:4      | Reached skill level 5 in Poison Magic
  5048 | D:4      | Gained mutation: You are immune to clouds of flame.
                  | [demonic ancestry]
  5048 | D:4      | Reached XP level 6. HP: 34/41 MP: 3/10
  5171 | D:4      | Found a burning altar of Makhleb.
  5184 | D:4      | Became a worshipper of Makhleb the Destroyer
  5326 | D:4      | Learned a level 3 spell: Confusing Touch
  5326 | D:4      | Found Quobeq's Antique Armour Emporium.
  5545 | D:4      | Reached skill level 1 in Fighting
  5545 | D:4      | Reached skill level 1 in Conjurations
  5643 | D:4      | Reached skill level 1 in Short Blades
  5814 | D:4      | Reached XP level 7. HP: 48/48 MP: 1/11
  6020 | D:5      | Entered Level 5 of the Dungeon
  6020 | D:5      | Noticed Ijyb
  6026 | D:5      | Killed Ijyb
  6054 | D:4      | HP: 1/49 [something (5)]
  6324 | D:5      | Reached * piety under Makhleb
  6584 | D:5      | Reached skill level 1 in Invocations
  6642 | D:5      | Found Oskeagg's Jewellery Emporium.
  6682 | D:5      | HP: 1/51 [iguana (10)]
  6685 | D:5      | Slain by an iguana

Levels and vault maps discovered:
D:1:      dpeg_arrival_arbitrary_a, layout_basic, chequers_serial_rivers_marsh,
          corexii_item_surrounded_by_moat, nrook_mini_backslash
D:2:      layout_basic, minitemple, minmay_misc_feat_x
D:3:      layout_basic, gammafunk_ghost_arena, uniq_robin
D:4:      layout_basic, bloody_makhleb, serial_shops, shop_statue, first_ration
D:5:      layout_basic, nicolae_tso_carved_into_rock, serial_shops,
          nicolae_shop_stone, uniq_ijyb

Skill      XL: |  1  2  3  4  5  6  7 |
---------------+----------------------+-----
Air Magic      | 1 2 3 4 |  4.0
Poison Magic   | 4 5 |  5.0
Spellcasting   | 3 |  3.0
Fighting       | 1 2 |  2.6
Conjurations   | 1 2 |  2.1
Short Blades   | 1 2 |  2.2
Invocations    | 1 |  1.8
Dodging        | |  1.7
Stealth        | |  1.7
Hexes          | |  0.8
Transmutations | |  0.8

Action                   |  1- 3 |  4- 6 |  7- 9 || total
-------------------------+-------+-------+-------++-------
Melee: Club              |     4 |       |       ||     4
       Unarmed           |     2 |       |       ||     2
       Short sword       |    57 |   124 |    91 ||   272
Throw: Dart              |    50 |     3 |       ||    53
 Cast: Sting             |    21 |    19 |    10 ||    50
       Poisonous Vapours |     9 |    66 |    15 ||    90
  Use: Scroll            |     4 |    10 |       ||    14
       Potion            |       |     1 |     3 ||     4
 Stab: Sleeping          |     1 |     6 |       ||     7
       Distracted        |       |     1 |       ||     1
  Eat: Chunk             |     5 |    10 |     4 ||    19
       Ration            |       |     1 |       ||     1
Armor: Robe              |    11 |    36 |       ||    47
       Leather armour    |     2 |    10 |    41 ||    53
       Skin              |       |       |     2 ||     2
Dodge: Dodged            |    64 |    90 |    62 ||   216

Table legend:
 A = Non-vault XP
 B = Vault XP
 C = Vault XP percentage of total XP
 D = Non-vault monster count
 E = Vault monster count
 F = Vault count percentage of total count
                 A         B        C        D         E       F
            +---------+---------+-------+---------+---------+-------
      Total |    1052 |      73 |   6.5 |     116 |      14 |  10.8
            +---------+---------+-------+---------+---------+-------
        D:1 |      55 |       0 |   0.0 |      30 |       0 |   0.0
        D:2 |      57 |       8 |  12.3 |      23 |       4 |  14.8
        D:3 |      50 |      29 |  36.7 |      19 |       9 |  32.1
        D:4 |     705 |       0 |   0.0 |      35 |       0 |   0.0
        D:5 |     185 |      36 |  16.3 |       9 |       1 |  10.0
            +---------+---------+-------+---------+---------+-------
